 Dungeon Crawl Stone Soup version 0.32-a0-314-g526f7d4993 (webtiles) character file.

Game seed: 9411263848914651611

20146 910rd the Basher (level 12, -16/105 HPs)
             Began as a Naga Enchanter on Feb 16, 2024.
             Was a Priest of Cheibriados.
             Demolished by a death yak (20 damage)
             ... on level 4 of the Lair of Beasts.
             The game lasted 00:42:11 (12462 turns).

910rd the Basher (Naga Enchanter)                  Turns: 12462, Time: 00:42:13

Health: -16/105    AC:  9    Str: 19    XL:     12   Next: 76%
Magic:  3/22       EV: 11    Int: 31    God:    Cheibriados [***...]
Gold:   569        SH:  0    Dex: 20    Spells: 10/25 levels left

rFire   + . .        n - +4 dagger
rCold   . . .        (no shield)
rNeg    . . .        c - +0 troll leather armour
rPois   +            g - +2 helmet {Int+3}
rElec   .            (no cloak)
rCorr   .            b - +0 pair of gloves
SInv    +            (no barding)
Will    +....        j - amulet of magic regeneration
Stlth   ++++         a - ring of protection from fire
HPRegen 1.17/turn    (no ring)
MPRegen 0.58/turn

%: no passive effects
@: very slow
A: AC +4, large, see invisible, deformed body, poison resistance, slowness 2,
spit poison 1, naga tail 1
a: Spit Poison, Renounce Religion, Bend Time, Temporal Distortion


You were on level 4 of the Lair of Beasts.
You worshipped Cheibriados.
Cheibriados was most pleased with you.
You visited 3 branches of the dungeon, and saw 14 of its levels.

You collected 569 gold pieces.

Inventory:

Hand Weapons
 d - a +2 short sword of holy wrath
 m - a +3 spear
 n - a +4 dagger (weapon)
 o - the +3 sling "Oduobb" {drain, rC+++ Will- Int+2 Dex+6}
   (You found it on level 6 of the Dungeon)

   Int+2:     It affects your intelligence (+2).
   Dex+6:     It affects your dexterity (+6).
   rC+++:     It renders you almost immune to cold.
   Will-:     It decreases your willpower.
 p - a +0 war axe of electrocution
 v - a +3 trident
 w - a +4 flail
 A - a +4 morningstar
 B - a +3 scimitar
Missiles
 q - 15 curare-tipped darts
 t - 8 poisoned darts
 E - 6 javelins
Armour
 b - a +0 pair of gloves (worn)
 c - a +0 troll leather armour (worn)
 g - a +2 helmet of intelligence (worn)
 u - +0 steam dragon scales
 x - a +3 plate armour
 y - a +2 kite shield
Jewellery
 a - a ring of protection from fire (left hand)
 j - an amulet of magic regeneration (around neck)
Scrolls
 e - 2 scrolls of teleportation
 f - a scroll of torment
 h - 3 scrolls of silence
 i - 6 scrolls of noise
 k - 6 scrolls of fog
 C - a scroll of enchant armour
Potions
 l - 3 potions of curing
 r - 2 potions of cancellation
 s - a potion of mutation {unknown}
 z - a potion of brilliance
 D - 2 potions of magic


   Skills:
 - Level 6.0 Fighting
 - Level 3.0 Short Blades
 - Level 8.9 Maces & Flails
 - Level 3.0 Dodging
 - Level 8.0 Stealth
 - Level 7.0 Spellcasting
 + Level 8.1 Conjurations
 - Level 5.0 Hexes
 - Level 5.0 Translocations
 - Level 2.0 Ice Magic
 - Level 8.0 Earth Magic
 - Level 8.0 Invocations
 - Level 1.0 Evocations


You had 10 spell levels left.
You knew the following spells:

 Your Spells              Type           Power      Damage    Failure   Level
a - Ensorcelled Hibernat  Hex/Ice        64%        N/A       1%          2
b - Tukima's Dance        Hex            41%        N/A       1%          3
c - Iskenderun's Mystic   Conj/Tloc      51%        2d11      3%          4
d - Bombard               Conj/Erth      28%        9d5       30%         6

Your spell library contained the following spells:

 Spells                   Type           Power      Damage    Failure   Level
 Confusing Touch          Hex            41%        N/A       1%          3
 Dazzling Flash           Conj/Hex       100%       N/A       1%          3
 Passwall                 Erth           57%        N/A       1%          3
 Lee's Rapid Deconstruct  Erth           28%        3d15*     5%          5
 Dimensional Bullseye     Hex/Tloc       20%        N/A       7%          4
 Call Imp                 Summ           20%        N/A       8%          2
 Sublimation of Blood     Necr           10%        N/A       8%          2
 Leda's Liquefaction      Alch/Erth      17%        N/A       10%         4
 Swiftness                Air            10%        N/A       16%         3
 Ignite Poison            Fire/Alch      10%        N/A       45%         4
 Sticky Flame             Fire/Alch      10%        2d5       45%         4
 Summon Hydra             Summ           5%         N/A       100%        7
 Ignition                 Fire           5%         3d4       100%        8


Dungeon Overview and Level Annotations

Branches:
Dungeon (9/15)             Temple (1/1) D:5            Lair (4/5) D:9
  Swamp (0/4) Lair:2        Snake (0/4) Lair:3
  Slime: Lair:4-5       Orc: D:9-12

Altars:
Ashenzari
Cheibriados
Dithmenos
Elyvilon
Fedhas
Gozag
Hepliaklqana
Kikubaaqudgha
Makhleb
Nemelex Xobeh
Okawaru
Qazlal
Ru
Sif Muna
Trog
Uskayaw
Vehumet
Wu Jian
Xom
Yredelemnul
Zin
The Shining One
Beogh
Jiyva

Shops:
D:6 !   D:7 *

Annotations:
D:7 exclusion: door
D:9 3 runed translucent doors, exclusion: 3 doors, AlmostDecent's ghost, novice MDBe
Lair:2 exclusion: downstairs
Lair:4 Urug


Innate Abilities, Weirdness & Mutations

Your serpentine skin is tough. (AC +4)
You have supernaturally acute eyesight. (SInv)
Armour fits poorly on your strangely shaped body.
Your system is resistant to poisons. (rPois)
You cover ground very slowly.
You can spit poison.
You have a snake-like lower body.


Message History

Aiming: Ensorcelled Hibernation (safe; 1% risk of failure)
Press: ? - help, Shift-Dir - straight line, f - Urug
Aim: Urug, wielding a +5 eveningstar, wearing a +0 scale mail and quivering javelins (chance to affect: 46%) Urug resists with some effort.
The death yak bellows!
You hear a bellow!
Urug hits you with a +5 eveningstar!
A death yak comes into view.
You hear an angry hiss.
Activating: Slouch (5% risk of failure)
Press: ? - help, Dir - look around, f - activate
Okay, then.
Okay, then.
Okay, then.
As you read the scroll of torment, it crumbles to dust.
Your body is wracked with pain!
Urug convulses!
The bullfrog convulses!
The death yak convulses! x4; Urug barely misses you.
Activating: Slouch (5% risk of failure)
Press: ? - help, Dir - look around, f - activate You can feel time thicken for a moment.
You kill the bullfrog!
Cheibriados appreciates the change of pace.
A death yak comes into view. x2
Urug hits you with a +5 eveningstar!!
* * * LOW HITPOINT WARNING * * *
You step out of the flow of time.
You return to the normal time flow.
You can no longer step out of the flow of time.
Cheibriados lowers the support of your attributes as your movement quickens.
The death yak bellows! x3
The death yak gores you!!
* * * LOW HITPOINT WARNING * * *
Unknown command.
Okay, then.
Activating: Slouch (6% risk of failure)
Press: ? - help, Dir - look around, f - activate You can feel time thicken for a moment.
You can no longer inflict damage on those overly hasty.
Cheibriados lowers the support of your attributes as your movement quickens.
The death yak gores you!!
You die...
Cheibriados appreciates the motionlessness of death.

#.##....# ##..##....#
##.....###P..#.....##
##...................###
.............^..........
..........<.............
.................Y.....$
........................
.......P####.P.YY.Y...P.
.#.....P #.#.#@YY..#.P
..#.... #####......#
.##... #.$...+.. .# ...
#........ .# #.....##.
## #.....# ###...
#.....+ ...... .......
......


You could see 6 death yaks.

Vanquished Creatures
  2 hydras
  2 bog bodies (Lair:2)
  3 black mambas (Lair:3)
  9 cane toads
  A rime drake (Lair:3)
  8 komodo dragons
  A troll (D:9)
  11 blink frogs
  24 yaks
  4 wyverns
  A basilisk (Lair:2)
  A steam dragon (D:7)
  5 nagas (Lair:3)
  A swamp worm (Lair:2)
  12 water moccasins
  3 orc warriors (D:9)
  An ice beast (D:6)
  A sky beast (D:6)
  A black bear (D:7)
  An ogre (D:9)
  3 wolves (Lair:2)
  3 centaurs
  A phantom (D:5)
  12 bullfrogs
  6 scorpions
  A wight (D:7)
  An electric eel (Lair:2)
  A bombardier beetle (D:5)
  A jelly (D:8)
  5 hounds
  A gnoll bouda (D:4)
  2 orc priests
  2 iguanas
  2 sleepcaps
  3 orc wizards
  Robin (D:2)
  4 gnolls (D:4)
  4 adders
  An ufetubus (D:3)
  2 dart slugs
  2 ribbon worms
  39 orcs
  4 ball pythons
  5 bats
  10 endoplasms
  3 giant cockroaches
  16 goblins
  9 hobgoblins
  2 jackals (D:1)
  8 kobolds
  5 quokkas
  3 frilled lizards (D:1)
  3 rats
257 creatures vanquished.

Vanquished Creatures (collateral kills)
  An orc warrior (D:8)
  4 wights (D:7)
  3 orcs (D:8)
8 creatures vanquished.

Grand Total: 265 creatures vanquished

Notes
Turn   | Place    | Note
-------+----------+-------------------------------------------
     0 | D:1      | 910rd the Naga Enchanter began the quest for the Orb.
     0 | D:1      | Reached XP level 1. HP: 15/15 MP: 3/3
   126 | D:1      | Found a faded altar of an unknown god.
   152 | D:1      | Reached skill level 5 in Stealth
   178 | D:1      | Reached skill level 1 in Ice Magic
   178 | D:1      | Reached XP level 2. HP: 22/22 MP: 5/5
   406 | D:1      | HP: 1/22 [jackal (2)]
   515 | D:1      | Reached XP level 3. HP: 30/30 MP: 6/6
   644 | D:1      | Reached skill level 1 in Fighting
   987 | D:2      | Found a shimmering altar of Xom.
  1042 | D:2      | Reached XP level 4. HP: 10/38 MP: 7/7
  1362 | D:2      | Noticed Robin
  1406 | D:2      | Killed Robin
  1418 | D:2      | Learned a level 2 spell: Ensorcelled Hibernation
  1643 | D:2      | Reached XP level 5. HP: 45/45 MP: 5/8
  2251 | D:3      | You fall into a shaft and drop 1 floor!
  2645 | D:4      | Found a shimmering altar of Xom.
  2646 | D:4      | HP: 2/45 [adder (4)]
  2830 | D:5      | Entered Level 5 of the Dungeon
  2894 | D:5      | Found an ancient bone altar of Kikubaaqudgha.
  2894 | D:5      | Found a blossoming altar of Fedhas.
  3048 | D:5      | Found a bloodstained altar of Trog.
  3106 | D:5      | Reached XP level 6. HP: 45/55 MP: 9/9
  3132 | D:5      | Found a staircase to the Ecumenical Temple.
  3142 | Temple   | Entered the Ecumenical Temple
  3164 | Temple   | Became a worshipper of Cheibriados the Contemplative
  4090 | D:5      | Reached XP level 7. HP: 62/62 MP: 8/10
  4148 | D:5      | Reached skill level 1 in Invocations
  4311 | D:5      | Reached * piety under Cheibriados
  4724 | D:6      | Found Zoanio's Distillery.
  4753 | D:6      | Identified the +3 sling "Oduobb" {drain, rC+++ Will- Int+2
                  | Dex+6}
  5079 | D:6      | Reached skill level 5 in Invocations
  5079 | D:6      | Reached XP level 8. HP: 69/69 MP: 11/11
  5557 | D:6      | Reached skill level 5 in Fighting
  5819 | D:7      | Reached skill level 1 in Evocations
  6223 | D:7      | Learned a level 3 spell: Tukima's Dance
  6388 | D:7      | Reached XP level 9. HP: 75/82 MP: 8/13
  6419 | D:7      | Reached ** piety under Cheibriados
  6738 | D:7      | Found Buci Buq's Gadget Gallery.
  6921 | D:7      | Reached skill level 5 in Hexes
  7950 | D:9      | Reached skill level 1 in Maces & Flails
  7970 | D:9      | Reached skill level 5 in Maces & Flails
  7970 | D:9      | Reached XP level 10. HP: 74/91 MP: 5/16
  8019 | D:9      | Found a runed translucent gate.
  8019 | D:9      | Found a runed translucent gate.
  8021 | D:9      | Found a runed translucent gate.
  8022 | D:9      | Noticed AlmostDecent's ghost (novice MDBe)
  8061 | D:9      | Found a viscous altar of Jiyva.
  8510 | D:9      | Found a hide-covered altar of Uskayaw.
  8510 | D:9      | Found an opulent altar of Gozag.
  8669 | D:9      | Reached *** piety under Cheibriados
  8731 | D:9      | Found a roughly hewn altar of Beogh.
  8849 | D:9      | Reached **** piety under Cheibriados
  8895 | D:9      | Found a staircase to the Lair.
  8996 | Lair:1   | Entered Level 1 of the Lair of Beasts
  9067 | Lair:1   | Reached skill level 1 in Conjurations
  9156 | Lair:1   | Reached XP level 11. HP: 74/97 MP: 12/17
  9270 | Lair:1   | Reached skill level 5 in Conjurations
  9270 | Lair:1   | Reached skill level 1 in Translocations
  9477 | Lair:1   | Learned a level 4 spell: Iskenderun's Mystic Blast
  9637 | Lair:1   | Reached skill level 5 in Translocations
 10252 | Lair:2   | Noticed a six-headed hydra
 10260 | Lair:2   | Killed a six-headed hydra
 10419 | Lair:2   | Noticed a bog body
 10782 | Lair:2   | Reached skill level 5 in Spellcasting
 11042 | Lair:2   | Killed a bog body
 11043 | Lair:2   | Reached skill level 1 in Earth Magic
 11043 | Lair:2   | Reached XP level 12. HP: 78/105 MP: 10/21
 11076 | Lair:2   | Found a staircase to the Swamp.
 11245 | Lair:3   | Reached ***** piety under Cheibriados
 11300 | Lair:3   | Noticed a six-headed hydra
 11320 | Lair:3   | Reached skill level 5 in Earth Magic
 11326 | Lair:3   | Noticed a death yak
 11363 | Lair:3   | Killed a six-headed hydra
 11813 | Lair:3   | Found a staircase to the Snake Pit.
 11883 | Lair:3   | Learned a level 6 spell: Bombard
 12455 | Lair:4   | Noticed Urug
 12457 | Lair:4   | Noticed a death yak
 12457 | Lair:4   | Noticed a death yak
 12457 | Lair:4   | Noticed a death yak
 12458 | Lair:4   | Noticed a death yak
 12460 | Lair:4   | Noticed a death yak
 12460 | Lair:4   | Noticed a death yak
 12461 | Lair:4   | HP: 3/105 [death yak (18)]
 12462 | Lair:4   | Demolished by a death yak

Illustrated notes

Levels and vault maps discovered:
D:1:      dpeg_arrival_snail, layout_basic,
          hellmonk_ecumenical_altar_arch_garden, lemuel_flame_loot_1
D:2:      layout_loops_ring, basic_altar, uniq_robin
D:3:      kennysheep_six_static_rooms, layout_rooms, minmay_misc_feat_square
D:4:      layout_basic, regret_index_xom_buried_treasure
D:5:      layout_loops_ring, grunt_temple_overflow_growth_and_decay,
          mainiacjoe_overflow_24_doors, minmay_temple_entry_antechambers
D:6:      layout_layer_cave, serial_shops, shop_fountains,
          roderic_nine_men_s_morris
D:7:      layout_gridville, nicolae_shop_gadgets
D:8:      layout_loops_cross
D:9:      layout_roguey, gammafunk_temple_overflow_statue,
          minmay_lair_entry_grove, gammafunk_ghost_ooze, special_room
          [special_room_orc]
Temple:   kb_temple_of_zot
Lair:1:   layout_layer_cave, infiniplex_staircase_pool
Lair:2:   layout_gridlike, nicolae_swamp_entry_splash_gauntlet,
          beast_lair_carwin_3, lemuel_fruit_fields
Lair:3:   layout_gridlike, minmay_snake_entry_guardpost_medium,
          grunt_megastairs_3
Lair:4:   layout_regular_city, minmay_slime_entry_eyes, uniq_urug

Skill      XL: |  1  2  3  4  5  6  7  8  9 10 11 12 |
---------------+-------------------------------------+-----
Stealth        | 5 6 8 |  8.0
Ice Magic      | 1 2 |  2.0
Fighting       | 1 2 3 6 |  6.0
Dodging        | 2 3 |  3.0
Short Blades   | 3 |  3.0
Hexes          | 4 5 |  5.0
Invocations    | 5 8 |  8.0
Evocations     | 1 |  1.0
Spellcasting   | 3 4 6 7 |  7.0
Maces & Flails | 5 8 |  8.9
Conjurations   | 4 8 |  8.1
Translocations | 5 |  5.0
Earth Magic    | 1 8 |  8.0

Action                     |  1- 3 |  4- 6 |  7- 9 | 10-12 || total
---------------------------+-------+-------+-------+-------++-------
  Melee: Dagger            |    56 |   158 |   140 |   157 ||   511
   Cast: Ensorcelled Hiber |       |    24 |    51 |   100 ||   175
         Tukima's Dance    |       |       |     7 |       ||     7
         Iskenderun's Myst |       |       |       |    20 ||    20
 Invoke: Slouch            |       |       |       |     4 ||     4
         Step From Time    |       |       |       |     1 ||     1
Ability: Spit Poison       |    16 |    26 |    13 |     3 ||    58
  Evoke: Wand              |       |       |     2 |    10 ||    12
    Use: Potion            |     2 |     2 |     1 |     3 ||     8
         Scroll            |       |    12 |     2 |     9 ||    23
   Stab: Sleeping          |     5 |    21 |    29 |    72 ||   127
         Invisible         |       |     1 |       |     1 ||     2
 Armour: Robe              |    49 |   116 |    33 |       ||   198
         Steam dragon scal |       |       |   131 |    16 ||   147
         Troll leather arm |       |       |       |   212 ||   212
  Dodge: Dodged            |    31 |    91 |   108 |   143 ||   373

Table legend: (Time is in decaauts)
 A = Elapsed time spent in this place.
 B = Non-inter-level travel time spent in this place.
 C = Inter-level travel time spent in this place.
 D = Time resting spent in this place.
 E = Time spent auto-exploring this place.
 F = Levels seen in this place.
 G = Mean time per level.
                   A        B        C        D        E       F      G
               +--------+--------+--------+--------+--------+-----+--------+
         Total |  21089 |  19567 |   1522 |   1223 |  14508 |  14 | 1506.4 |
       Dungeon |  13704 |  12886 |    818 |    911 |   9751 |   9 | 1522.7 |
        Temple |     69 |      2 |     67 |      0 |      0 |   1 |   69.0 |
          Lair |   7316 |   6680 |    636 |    312 |   4757 |   4 | 1829.0 |
               +--------+--------+--------+--------+--------+-----+--------+

Top non-repeatable levels by time:
  Lair:1: 2738 daAuts
  Lair:3: 2385 daAuts
     D:7: 2123 daAuts
  Lair:2: 1913 daAuts
     D:9: 1830 daAuts
     D:4: 1811 daAuts
     D:6: 1802 daAuts
     D:5: 1594 daAuts
     D:8: 1588 daAuts
     D:2: 1426 daAuts
     D:1: 1270 daAuts
  Lair:4: 278 daAuts
     D:3: 255 daAuts
  Temple: 69 daAuts
